 Seeded DCSS version 0.28-a0-2-g643f245 (webtiles) character file.

Game seed: 6102775465341156983 (custom seed)

402415 marwff the Devastator (level 24, -13/191 HPs)
             Began as a Human Arcane Marksman on July 21, 2021.
             Was the Champion of Vehumet.
             Mangled by a purple ugly thing (15 damage)
             ... on level 2 of the Depths on July 22, 2021.
             The game lasted 05:36:24 (84751 turns).

marwff the Devastator (Human Arcane Marksman)      Turns: 84751, Time: 05:36:25

Health: -13/191    AC: 13    Str: 10    XL:     24   Next: 44%
Magic:  2/42       EV: 16    Int: 40    God:    Vehumet [******]
Gold:   871        SH:  0    Dex: 13    Spells: 6/54 levels left

rFire   . . .      SeeInvis .   b - +3 great sword "Jeec" {vorpal, Int+7 Dex-2}
rCold   . . .      Faith    .   (shield currently unavailable)
rNeg    + + .      Spirit   .   Z - +2 robe {Archmagi}
rPois   .          Reflect  .   a - +2 helmet of Relativism {rN+ rCorr}
rElec   .          Harm     .   s - +0 cloak {Stlth+}
rCorr   +          Rampage  .   k - +2 pair of gloves
Will    ++...      Archmagi +   g - +0 pair of boots of a Million Wishes {rN+ Regen+ Dex-2}
Stlth   ++........              f - amulet of magic regeneration
HPRegen 1.41/turn               j - ring of Agnosticism {+Blink Fly Will+ rCorr Int+4}
MPRegen 0.53/turn               e - +6 ring of intelligence

@: about to teleport, flying
A: no striking features
}: 2/15 runes: decaying, gossamer
a: Renounce Religion, Evoke Blink


You were on level 2 of the Depths.
You worshipped Vehumet.
Vehumet was exalted by your worship.
You visited 9 branches of the dungeon, and saw 41 of its levels.
You visited 1 bazaar.
You also visited: Volcano and Wizlab.

You collected 4401 gold pieces.
You spent 3497 gold pieces at shops.
You donated 33 gold pieces to Zin.

Inventory:

Hand Weapons
 b - the +3 great sword "Jeec" (weapon) {vorpal, Int+7 Dex-2}
   (You bought it in a shop on level 1 of the Orcish Mines)

   It inflicts extra damage upon your enemies.
   Int:       It affects your intelligence (+7).
   Dex:       It affects your dexterity (-2).
Missiles
 p - 54 poisoned darts
 v - 3 throwing nets
 K - 11 atropa-tipped darts
 X - 4 curare-tipped darts
Armour
 a - the +2 helmet of Relativism (worn) {rN+ rCorr}
   (You found it on level 2 of the Depths)

   rN:        It protects you from negative energy.
   rCorr:     It protects you from acid and corrosion.
 g - the +0 pair of boots of a Million Wishes (worn) {rN+ Regen+ Dex-2}
   (You found it on level 2 of the Vaults)

   Dex:       It affects your dexterity (-2).
   rN:        It protects you from negative energy.
   Regen:     It increases your rate of health regeneration.
 k - a +2 pair of gloves (worn)
 s - a +0 cloak of stealth (worn)
 Z - a +2 robe of the Archmagi (worn)
Jewellery
 d - a ring of positive energy
 e - a +6 ring of intelligence (right hand)
 f - an amulet of magic regeneration (around neck)
 j - the ring of Agnosticism (left hand) {+Blink Fly Will+ rCorr Int+4}
   (You found it on level 1 of the Swamp)

   [ring of willpower]

   Int:       It affects your intelligence (+4).
   Fly:       It grants you flight.
   +Blink:    It lets you blink.
   rCorr:     It protects you from acid and corrosion.
   Will:      It increases your willpower.
 n - a ring of fire
 t - a ring of protection from cold
 J - a ring of see invisible
 L - a ring of willpower
 T - an amulet of reflection
Wands
 o - a wand of paralysis (11)
 q - a wand of flame (23)
 z - a wand of polymorph (9)
 C - a wand of digging (18)
 I - a wand of iceblast (53)
 Q - a wand of acid (6)
Scrolls
 c - 4 scrolls of fog
 i - 3 scrolls of teleportation
 m - 4 scrolls of magic mapping
 w - 3 scrolls of fear
 x - 4 scrolls of vulnerability
 y - 3 scrolls of summoning
 B - 5 scrolls of silence
 E - 4 scrolls of blinking
 H - 26 scrolls of identify
Potions
 h - 4 potions of resistance
 l - 7 potions of brilliance
 r - a potion of mutation
 A - 11 potions of curing
 D - 6 potions of haste
 F - 2 potions of heal wounds
 G - a potion of berserk rage
 M - 7 potions of lignification
 R - 5 potions of ambrosia
 S - 2 potions of magic
 U - 5 potions of might
 V - 3 potions of invisibility


   Skills:
 + Level 15.9 Fighting
 - Level 12.9 Long Blades
 - Level 2.0 Bows
 - Level 5.0 Armour
 - Level 10.0 Dodging
 - Level 4.0 Shields
 + Level 15.7 Spellcasting
 + Level 16.5 Conjurations
 - Level 3.0 Hexes
 + Level 16.4 Fire Magic
 - Level 1.1 Air Magic
 + Level 16.5 Earth Magic
 - Level 5.0 Evocations


You had 6 spell levels left.
You knew the following spells:

 Your Spells              Type           Power      Damage    Failure   Level
a - Stone Arrow           Conj/Erth      100%       3d13      0%          3
b - Iron Shot             Conj/Erth      64%        9d12      1%          6
c - Orb of Destruction    Conj           64%        9d17      1%          7
d - Lehudib's Crystal Sp  Conj/Erth      64%        10d15     1%          8
e - Conjure Flame         Conj/Fire      100%       6-21      0%          3
f - Ignition              Fire           63%        3d17      2%          8
g - Bolt of Magma         Conj/Fire/Erth 64%        4d25      1%          5
h - Corona                Hex            77%        N/A       1%          1
i - Sticky Flame          Conj/Fire      100%       2d11      0%          4
j - Passwall              Tmut/Erth      81%        N/A       1%          2
k - Foxfire               Conj/Fire      100%       2x1d9     0%          1

Your spell library contained the following spells:

 Spells                   Type           Power      Damage    Failure   Level
 Fire Storm               Conj/Fire      64%        8d16      28%         9
 Chain Lightning          Conj/Air       50%        3d67      99%         9
 Sandblast                Erth           100%       2d20      0%          1
 Animate Skeleton         Necr           94%        N/A       1%          1
 Pain                     Necr           100%       1d9       1%          1
 Shock                    Conj/Air       100%       1d9       1%          1
 Summon Small Mammal      Summ           100%       N/A       1%          1
 Blink                    Tloc           N/A        N/A       1%          2
 Call Imp                 Summ           47%        N/A       1%          2
 Ensorcelled Hibernation  Hex/Ice        100%       N/A       1%          2
 Poisonous Vapours        Pois/Air       100%       N/A       1%          2
 Slow                     Hex            70%        N/A       1%          2
 Dazzling Flash           Conj/Hex       100%       N/A       1%          3
 Frozen Ramparts          Ice            94%        1d11      1%          3
 Ignite Poison            Fire/Tmut/Pois 85%        N/A       1%          3
 Inner Flame              Hex/Fire       100%       N/A       1%          3
 Mephitic Cloud           Conj/Pois/Air  87%        N/A       1%          3
 Portal Projectile        Hex/Tloc       100%       N/A       1%          3
 Summon Guardian Golem    Hex/Summ       60%        N/A       1%          3
 Swiftness                Air            57%        N/A       1%          3
 Airstrike                Air            28%        N/A       1%          4
 Iskenderun's Mystic Bla  Conj/Tloc      98%        2d19      1%          4
 Leda's Liquefaction      Hex/Erth       52%        N/A       1%          4
 Freezing Cloud           Conj/Ice/Air   43%        6-21      1%          5
 Iskenderun's Battlesphe  Conj           100%       2d15      1%          5
 Lee's Rapid Deconstruct  Erth           64%        3d30*     1%          5
 Starburst                Conj/Fire      64%        8x6d17    1%          6
 Cause Fear               Hex            35%        N/A       2%          4
 Olgreb's Toxic Radiance  Pois           47%        N/A       2%          4
 Lesser Beckoning         Tloc           23%        N/A       3%          3
 Spider Form              Tmut/Pois      23%        N/A       3%          3
 Vampiric Draining        Necr           23%        2d9       3%          3
 Statue Form              Tmut/Erth      65%        N/A       4%          6
 Ice Form                 Ice/Tmut       47%        N/A       10%         4
 Summon Ice Beast         Ice/Summ       47%        N/A       10%         4
 Silence                  Hex/Air        32%        N/A       12%         5
 Summon Mana Viper        Hex/Summ       60%        N/A       14%         5
 Blade Hands              Tmut           23%        N/A       26%         5
 Excruciating Wounds      Necr           23%        N/A       26%         5
 Manifold Assault         Tloc           47%        N/A       26%         5
 Summon Forest            Summ/Tloc      23%        N/A       26%         5
 Shadow Creatures         Summ           N/A        N/A       83%         6
 Simulacrum               Ice/Necr       23%        N/A       83%         6
 Spellforged Servitor     Conj/Summ      49%        N/A       8%          7
 Shatter                  Erth           64%        3d47*     28%         9
 Ozocubu's Refrigeration  Ice            23%        4d9       87%         7
 Storm Form               Tmut/Air       26%        N/A       100%        7
 Discord                  Hex            35%        N/A       100%        8
 Polar Vortex             Ice            23%        N/A       100%        9


Dungeon Overview and Level Annotations

Branches:
Dungeon (15/15)            Temple (1/1) D:6            Lair (6/6) D:8
  Swamp (4/4) Lair:4       Spider (4/4) Lair:2        Slime (0/5) Lair:6
    Orc (2/2) D:11            Elf (2/3) Orc:2        Vaults (4/5) D:14
  Crypt (0/3) Vaults:3     Depths (3/5) D:15        Volcano (visited)
 WizLab (visited)

Altars:
Ashenzari
Cheibriados
Dithmenos
Elyvilon
Fedhas
Gozag
Hepliaklqana
Kikubaaqudgha
Makhleb
Nemelex Xobeh
Okawaru
Qazlal
Ru
Sif Muna
Trog
Uskayaw
Vehumet
Wu Jian
Xom
Yredelemnul
Zin
The Shining One
Beogh
Jiyva
Lugonu

Shops:
D:9 *   D:11 *   Orc:1 *!((   Orc:2 ?*??   Elf:2 ?(   Vaults:1 =   Vaults:4 !

Portals:
Hell: Depths:1 Depths:2
Abyss: Depths:1
Pandemonium: Depths:2
Ziggurat: Depths:1
Trove: D:11 (give horn of Geryon)

Annotations:
D:7 death knight/ vault
D:10 2 transporters
D:15 1 runed translucent door
Vaults:4 exclusion: door


Message History

You are too confused!
You feel better.
You feel less invigorated. The brown ugly thing misses you.
The rakshasa hits you with a +0 long sword.
* * * LOW HITPOINT WARNING * * *
The brown ugly thing barely misses you.
You riposte.
You slash the brown ugly thing!
The brown ugly thing is heavily wounded.
The brown ugly thing basks in the mutagenic energy from its kin and changes!
As you read the scroll of teleportation, it crumbles to dust.
You feel strangely unstable.
The rakshasa blinks!
The brown ugly thing trunk-slaps you but does no damage.
Casting: Lehudib's Crystal Spear (dangerous; 1% risk of failure)
Confirm with . or Enter, or press ? or * to list all spells.
Aiming: Lehudib's Crystal Spear (dangerous; 1% risk of failure)
Press: ? - help, Shift-Dir - straight line, f - brown ugly thing
Aim: a brown ugly thing (heavily wounded, 84% to hit)
You feel a surge of power!
The crystal spear misses the brown ugly thing.
The brown ugly thing trunk-slaps you.
* * * LOW HITPOINT WARNING * * *
You are splashed with acid.
You resist.
* * * LOW HITPOINT WARNING * * *
The purple ugly thing claws you!
* * * LOW HITPOINT WARNING * * *
Casting: Lehudib's Crystal Spear (dangerous; 1% risk of failure)
Confirm with . or Enter, or press ? or * to list all spells.
Aiming: Lehudib's Crystal Spear (dangerous; 1% risk of failure)
Press: ? - help, Shift-Dir - straight line, f/p - brown ugly thing
Aim: a brown ugly thing (heavily wounded, 84% to hit)
You feel a surge of power!
The crystal spear hits the brown ugly thing!!!!
You kill the brown ugly thing!
The brown ugly thing's corpse shimmers and vanishes!
You hear a shout!
The ice dragon bites you!
* * * LOW HITPOINT WARNING * * *
The ice dragon completely misses you. The ice dragon tramples you.
* * * LOW HITPOINT WARNING * * *
You hold your ground!
The purple ugly thing claws you!
You die...

..# #..# #....[....#.#... ..#
#..# #..(####..###... ..# #..#
#.[.# #####.... ..# #..# #...#
##... ..# #..# #...# #... ..#
#..#. #..## ##.# ..#
#..##R####..## ### ..#
#..#...u.#...# # ..#
#..#...D@#...# #
..#######..#######...# ####
.....................# ##..###
.....................#####...#.##
#######.############......).....#
#.# ######..##..## #.# #####
##..#.... #.# ##...## ##..##...
#.######.....######...###..


You could see an ice dragon, a purple ugly thing and a rakshasa.

Vanquished Creatures
  3 royal mummies (Depths:1)
  Xtahua (Vaults:3)
  Saint Roka (Vaults:1)
  Nikola (Depths:2)
  Rupert (D:12)
  A lich (Depths:2)
  A titan (Vaults:2)
  A deep elf blademaster (Elf:2)
  2 sphinxes
  A tengu reaver (Depths:3)
  A shadow dragon (Vaults:4)
  5 frost giants
  2 fenstrider witches
  3 deep elf sorcerers
  Louise (Swamp:3)
  6 ghost moths
  Aizul (Spider:3)
  A deep elf elementalist (Depths:3)
  2 ghouls
  A curse skull (Vaults:3)
  4 orc warlords
  11 vault wardens
  12 ironbound preservers
  3 emperor scorpions (Spider:4)
  23 very ugly things
  A deep elf demonologist (Vaults:4)
  7 stone giants
  A deep elf annihilator (Depths:3)
  2 vampire knights
  3 bunyips
  7 entropy weavers
  4 spark wasps (Spider:4)
  Azrael (D:14)
  5 dire elephants
  A deep elf death mage (Elf:2)
  5 eleionomae
  2 mummy priests (Depths:1)
  2 ettins (Depths:1)
  7 fire dragons
  A crystal guardian (Vaults:4)
  An eidolon (Vaults:3)
  A shambling mangrove (Swamp:2)
  7 great orbs of eyes
  2 green deaths (Swamp:4)
  2 boulder beetles
  6 yaktaur captains
  16 hydras
  5 ironbound thunderhulks
  3 rakshasas
  4 ice dragons
  2 hell beasts (Swamp:4)
  Erolcha (Orc:2)
  2 peacekeepers (Vaults:4)
  15 vault guards
  2 spriggan air magi
  5 ironbound frosthearts
  21 centaur warriors
  2 ghost crabs
  23 dancing weapons
  A death knight (D:13)
  6 two-headed ogres
  13 alligators
  6 tengu warriors
  3 deep troll shamans
  7 ironbound beastmasters
  3 deep troll earth magi
  A thrashing horror (Swamp:4)
  2 vampire magi
  7 death yaks
  11 deep elf knights
  3 soul eaters (Depths:2)
  3 hell hogs (Depths:2)
  3 sun demons (Depths:2)
  2 iron trolls
  3 hell knights
  A salamander mystic (Volcano)
  37 deep trolls
  2 glowing orange brains
  2 spriggan druids
  2 flayed ghosts (Depths:3)
  10 bog bodies
  10 swamp dragons
  6 goliath frogs
  9 wizards
  3 phantasmal warriors
  A harpy (Vaults:2)
  17 ironbound convokers
  5 lindwurms (Vaults:1)
  16 orb spiders
  8 deep elf archers
  24 deep elf pyromancers
  An oklob plant (Lair:6)
  20 deep elf zephyrmancers
  A sphinx zombie (Vaults:4)
  16 orc knights
  A necromancer (Vaults:4)
  A stone giant zombie (Vaults:4)
  An orc sorcerer (D:11)
  24 wolf spiders
  8 cyclopes
  2 large abominations (Swamp:4)
  A manticore (D:13)
  54 ugly things
  2 moths of wrath
  6 will-o-the-wisps
  A salamander (Volcano)
  7 elephants
  A guardian serpent (D:14)
  9 black mambas
  3 torpor snails
  20 cane toads
  3 molten gargoyles (Volcano)
  5 orange demons (Swamp:4)
  15 vault sentinels
  4 smoke demons (Depths:2)
  2 unseen horrors
  10 demonic crawlers
  34 yaktaurs
  2 rime drakes
  Maggie (D:6)
  Psyche (D:9)
  11 komodo dragons
  A tengu conjurer (Depths:1)
  3 freezing wraiths (D:13)
  2 red devils
  2 polar bears
  5 bloated husks
  33 jumping spiders
  5 trolls
  12 hornets
  14 tyrant leeches
  3 saltlings (D:14)
  Prince Ribbit (Lair:2)
  42 slime creatures
  27 blink frogs
  5 spriggans
  91 redbacks
  2 shadows
  22 tarantellas
  3 wraiths
  3 basilisks
  25 yaks
  3 wyverns
  2 steam dragons
  9 water elementals
  3 fire bats (Orc:1)
  6 fire elementals
  11 vampire mosquitoes
  7 humans (D:14)
  14 swamp worms
  A warg (D:11)
  Menkaure (D:5)
  A human simulacrum (Vaults:4)
  A yaktaur simulacrum (Vaults:4)
  3 acid dragons
  23 water moccasins
  A floating eye (Depths:3)
  3 hell hounds (D:14)
  Duvessa (D:4)
  33 orc warriors
  2 sky beasts
  A black bear (Lair:5)
  A hornet zombie (D:7)
  An ice beast (D:6)
  2 necrophages
  20 wolves
  7 ogres
  19 centaurs
  A phantom (D:5)
  17 bullfrogs
  2 gnoll sergeants (D:7)
  2 scorpions (D:5)
  2 earth elementals (Elf:2)
  An ogre simulacrum (Vaults:4)
  Dowan (D:4)
  9 killer bees
  15 wights
  5 electric eels
  A howler monkey (D:10)
  A lava snake (Lair:4)
  A bullfrog zombie (D:6)
  5 centaur zombies
  A hound (D:6)
  2 centaur skeletons
  A jelly (D:4)
  9 orc priests
  Crazy Yiuf (D:2)
  A gnoll shaman (D:7)
  2 iguanas
  Natasha (thrice) (D:2)
  12 hell rats
  16 orc wizards
  A hound skeleton (D:5)
  3 howler monkey zombies
  13 gnolls
  3 howler monkey skeletons
  3 adders
  A shadow imp (D:7)
  4 dart slugs
  48 orcs
  5 ball pythons
  7 endoplasms
  3 giant cockroaches
  5 goblins (D:1)
  2 hobgoblins (D:1)
  5 kobolds
  3 quokkas
  2 bats
  A frilled lizard (shapeshifter) (D:15)
  4 frilled lizards
  6 rats
  A foxfire (Orc:2)
1460 creatures vanquished.

Vanquished Creatures (collateral kills)
  An orc priest (D:7)
  2 orc wizards (D:7)
  2 gnolls (D:7)
  An orc (D:7)
  14 foxfires
20 creatures vanquished.

Vanquished Creatures (others)
  Frances (Swamp:1)
  A deep troll shaman (Depths:2)
  A deep elf knight (Elf:1)
  A deep troll (Depths:2)
  A deep elf pyromancer (Elf:1)
  A wizard (Depths:1)
  A yaktaur (D:14)
  A bloated husk (Swamp:3)
  A tyrant leech (Swamp:3)
  A water elemental (D:14)
  A human (D:14)
  A killer bee (D:9)
  2 wights (D:8)
  An orc (Vaults:1)
  A bush (Lair:6)
  842 foxfires
  65 fungi
  172 plants
1095 creatures vanquished.

Grand Total: 2575 creatures vanquished

Notes
Turn   | Place    | Note
-------+----------+-------------------------------------------
     0 | D:1      | marwff the Human Arcane Marksman began the quest for the
                  | Orb.
     0 | D:1      | Reached XP level 1. HP: 15/15 MP: 2/2
   218 | D:1      | Reached XP level 2. HP: 21/21 MP: 4/4
   222 | D:1      | Learned a level 2 spell: Slow
   406 | D:1      | Reached XP level 3. HP: 27/27 MP: 1/5
   911 | D:2      | Noticed Natasha
   925 | D:2      | Killed Natasha
   926 | D:2      | Reached XP level 4. HP: 19/34 MP: 1/7
  1104 | D:2      | Noticed Natasha
  1532 | D:2      | Killed Natasha
  1582 | D:2      | Reached XP level 5. HP: 28/41 MP: 5/9
  2055 | D:2      | Found a runed translucent door.
  2056 | D:2      | Noticed Crazy Yiuf
  2193 | D:2      | Noticed Natasha
  2202 | D:2      | Killed Natasha
  2476 | D:3      | Noticed a bullfrog
  2498 | D:3      | Killed a bullfrog
  2499 | D:3      | Reached XP level 6. HP: 6/48 MP: 3/11
  3363 | D:3      | Learned a level 3 spell: Mephitic Cloud
  3422 | D:3      | Found a faded altar of an unknown god.
  3430 | D:3      | Became a worshipper of Zin the Law-Giver
  3430 | D:3      | Reached * piety under Zin
  3430 | D:3      | Reached ** piety under Zin
  4131 | D:3      | Found a glowing silver altar of Zin.
  4155 | D:3      | Reached skill level 1 in Air Magic
  4703 | D:4      | Reached skill level 1 in Conjurations
  4750 | D:4      | Noticed an ogre
  5284 | D:4      | Learned a level 1 spell: Foxfire
  5552 | D:4      | Learned a level 3 spell: Conjure Flame
  5637 | D:4      | Killed an ogre
  5638 | D:4      | Reached skill level 1 in Fire Magic
  5638 | D:4      | Reached XP level 7. HP: 54/54 MP: 1/13
  5763 | D:4      | Noticed Dowan
  5923 | D:4      | Found a hide-covered altar of Uskayaw.
  6131 | D:2      | Killed Crazy Yiuf
  6261 | D:5      | Entered Level 5 of the Dungeon
  6300 | D:5      | Found a glowing golden altar of the Shining One.
  6506 | D:5      | Reached skill level 1 in Earth Magic
  7304 | D:5      | Reached XP level 8. HP: 49/60 MP: 14/14
  7499 | D:5      | Found a sparkling altar of Nemelex Xobeh.
  7615 | D:6      | Noticed Menkaure
  7625 | D:5      | Killed Menkaure
  8470 | D:6      | Reached skill level 5 in Spellcasting
  8639 | D:6      | Reached *** piety under Zin
  8878 | D:5      | HP: 5/55 [poisoned by a scorpion]
  9263 | D:6      | Noticed Maggie
  9293 | D:6      | HP: 5/55 [Maggie/bolt of fire (17)]
  9840 | D:6      | Killed Maggie
  9841 | D:6      | Reached XP level 9. HP: 63/65 MP: 6/17
 10145 | D:6      | Found a staircase to the Ecumenical Temple.
 10163 | Temple   | Entered the Ecumenical Temple
 10398 | Temple   | Fell from the grace of Zin
 10398 | Temple   | Became a worshipper of Vehumet
 10997 | D:7      | Reached skill level 5 in Conjurations
 11146 | D:7      | Noticed a hornet
 11430 | D:7      | Killed a hornet
 11431 | D:7      | Reached skill level 5 in Fire Magic
 11442 | D:7      | Reached * piety under Vehumet
 11442 | D:7      | Offered knowledge of Shock by Vehumet.
 11451 | D:7      | Reached skill level 5 in Earth Magic
 12399 | D:7      | Noticed a red ugly thing
 12588 | D:4      | Noticed Duvessa
 12622 | D:4      | Killed Dowan
 12901 | D:4      | Killed Duvessa
 12902 | D:4      | Reached XP level 10. HP: 49/71 MP: 19/19
 13490 | D:7      | Noticed a death knight
 14562 | D:8      | Found a staircase to the Lair.
 14563 | D:8      | Noticed a komodo dragon
 14580 | D:8      | Killed a komodo dragon
 14696 | D:8      | Found a white marble altar of Elyvilon.
 14701 | D:8      | Found a snail-covered altar of Cheibriados.
 14844 | D:8      | Learned a level 5 spell: Iskenderun's Battlesphere
 14920 | Lair:1   | Entered Level 1 of the Lair of Beasts
 14920 | Lair:1   | Noticed a komodo dragon
 15007 | Lair:1   | Killed a komodo dragon
 15671 | Lair:1   | Noticed a komodo dragon
 15679 | Lair:1   | Killed a komodo dragon
 15680 | Lair:1   | Reached skill level 1 in Long Blades
 15680 | Lair:1   | Reached skill level 1 in Armour
 15680 | Lair:1   | Reached skill level 1 in Shields
 15706 | Lair:1   | Noticed a rime drake
 15718 | Lair:1   | Killed a rime drake
 16067 | Lair:1   | Noticed a cane toad
 16079 | Lair:1   | Reached XP level 11. HP: 72/78 MP: 22/22
 17328 | Lair:2   | Offered knowledge of Freeze by Vehumet.
 17329 | Lair:2   | Reached skill level 5 in Fighting
 18159 | Lair:2   | Reached ** piety under Vehumet
 18546 | D:9      | Noticed Psyche
 18741 | D:9      | Killed Psyche
 19187 | D:9      | Found Hiruysh's Assorted Antiques.
 19205 | D:9      | Bought a scroll of blinking for 225 gold pieces
 19257 | D:10     | Entered Level 10 of the Dungeon
 20115 | D:10     | Noticed a red very ugly thing
 20512 | D:10     | Reached XP level 12. HP: 85/86 MP: 18/24
 20753 | D:10     | Learned a level 6 spell: Iron Shot
 20844 | D:10     | Noticed a boulder beetle
 20845 | D:10     | Found a transporter.
 20847 | D:10     | Found a corrupted altar of Lugonu.
 20847 | D:10     | Found a transporter.
 20848 | D:10     | Noticed a shock serpent
 20850 | D:10     | a shock serpent changed into a swamp worm
 20978 | D:10     | Noticed an anaconda
 20981 | D:10     | Noticed an ettin
 21544 | Lair:2   | Found a hole to the Spider Nest.
 22235 | Lair:3   | Noticed Prince Ribbit
 22246 | Lair:3   | Noticed a death yak
 22246 | Lair:3   | Noticed a death yak
 22247 | Lair:3   | Noticed a death yak
 22299 | Lair:3   | Noticed a death yak
 22618 | Lair:2   | Killed Prince Ribbit
 23140 | Lair:3   | Reached skill level 5 in Dodging
 23507 | Lair:3   | Offered knowledge of Stone Arrow by Vehumet.
 23706 | Lair:3   | Learned a level 3 spell: Stone Arrow
 23886 | Lair:3   | Killed a death yak
 24011 | Lair:3   | Killed a death yak
 24095 | Lair:3   | Killed a death yak
 24171 | Lair:3   | Noticed a five-headed hydra
 24188 | Lair:3   | Killed a five-headed hydra
 24189 | Lair:3   | Reached XP level 13. HP: 94/94 MP: 20/25
 24599 | Lair:3   | Reached skill level 5 in Long Blades
 25055 | Lair:4   | Noticed a five-headed hydra
 25065 | Lair:4   | Killed a five-headed hydra
 25066 | Lair:4   | Reached skill level 5 in Armour
 25254 | Lair:4   | Reached *** piety under Vehumet
 25957 | Lair:4   | Offered knowledge of Sticky Flame by Vehumet.
 25963 | Lair:4   | Learned a level 4 spell: Sticky Flame
 26025 | Lair:4   | Found a staircase to the Swamp.
 27435 | Lair:6   | Entered Level 6 of the Lair of Beasts
 27730 | Lair:6   | Found a staircase to the Slime Pits.
 27754 | Lair:6   | Found a viscous altar of Jiyva.
 28611 | Lair:6   | Reached XP level 14. HP: 104/104 MP: 24/27
 28626 | Lair:6   | Reached **** piety under Vehumet
 28676 | Lair:6   | Offered knowledge of Ignite Poison by Vehumet.
 30907 | Lair:5   | Learned a level 5 spell: Bolt of Magma
 31046 | Lair:6   | Upgraded the game from 0.27-a0-1612-gde56a17 to
                  | 0.28-a0-2-g643f245
 32755 | D:11     | Identified the +6 hand axe of Gloom {antimagic, *Slow Fly
                  | rElec rC+}
 32782 | D:11     | Found Irghiolyr's Assorted Antiques.
 32791 | D:11     | Bought a scroll of teleportation for 87 gold pieces
 33149 | D:11     | Found a staircase to the Orcish Mines.
 33190 | D:11     | Reached skill level 10 in Conjurations
 33190 | D:11     | Reached ***** piety under Vehumet
 33291 | D:11     | Found a portal to a secret trove of treasure.
 33691 | D:12     | Offered knowledge of Hailstorm by Vehumet.
 33981 | D:12     | You fall into a shaft and drop 3 floors!
 33981 | D:15     | Entered Level 15 of the Dungeon
 34006 | D:15     | Got Alur's Collected Works on Summoning
 34055 | D:15     | Reached skill level 10 in Spellcasting
 34621 | D:15     | Reached XP level 15. HP: 112/112 MP: 9/29
 34753 | D:15     | Noticed a green very ugly thing
 35107 | D:15     | Reached skill level 10 in Fire Magic
 35126 | D:15     | Killed a cyan very ugly thing
 35451 | D:15     | Found an ancient bone altar of Kikubaaqudgha.
 35479 | D:15     | Reached skill level 10 in Earth Magic
 35928 | D:15     | Found a staircase to the Depths.
 36068 | D:15     | Found a runed translucent door.
 36069 | D:15     | Noticed an orc warlord
 36069 | D:15     | Noticed a fire giant
 36343 | D:14     | Found a sacrificial altar of Ru.
 36785 | Orc:1    | Entered Level 1 of the Orcish Mines
 36785 | Orc:1    | Found Juegas's Distillery.
 36785 | Orc:1    | Found Mugug's Weapon Boutique.
 36981 | Orc:1    | Bought the +3 great sword "Jeec" {vorpal, Int+7 Dex-2} for
                  | 548 gold pieces
 36999 | Orc:1    | Bought a potion of curing for 42 gold pieces
 36999 | Orc:1    | Bought a potion of curing for 42 gold pieces
 36999 | Orc:1    | Bought a potion of curing for 42 gold pieces
 36999 | Orc:1    | Bought a potion of heal wounds for 70 gold pieces
 36999 | Orc:1    | Bought a potion of heal wounds for 70 gold pieces
 37003 | Orc:1    | Learned a level 2 spell: Passwall
 37007 | Orc:1    | Found Lisekl Gell's Weapon Shop.
 37023 | Orc:1    | Found a dark tunnel.
 37026 | Volcano  | Entered a volcano
 37457 | Volcano  | Noticed an orb of fire
 37645 | Volcano  | Noticed an orb of fire
 37905 | Orc:2    | Entered Level 2 of the Orcish Mines
 39304 | Orc:2    | Noticed Erolcha
 39319 | Orc:2    | Killed Erolcha
 39917 | Orc:2    | Found a staircase to the Elven Halls.
 39966 | Orc:2    | Found Takiutuq's Assorted Antiques.
 39966 | Orc:2    | Found Vugrifro's Magic Scroll Emporium.
 39968 | Orc:2    | Found Eqeam's Magic Scroll Shoppe.
 39970 | Orc:2    | Found Pifirghin's Magic Scroll Shop.
 39974 | Orc:2    | Bought a potion of invisibility for 304 gold pieces
 39975 | Orc:2    | Bought a scroll of teleportation for 39 gold pieces
 39975 | Orc:2    | Bought a scroll of blinking for 97 gold pieces
 39977 | Orc:2    | Bought a scroll of teleportation for 42 gold pieces
 39977 | Orc:2    | Bought a scroll of teleportation for 42 gold pieces
 39977 | Orc:2    | Bought a scroll of teleportation for 42 gold pieces
 39982 | Orc:2    | Bought a scroll of fear for 45 gold pieces
 40307 | Orc:1    | Found Bowkic's General Store.
 40346 | Orc:1    | Bought a potion of haste for 120 gold pieces
 40484 | Elf:1    | Entered Level 1 of the Elven Halls
 40615 | Elf:1    | Offered knowledge of Conjure Ball Lightning by Vehumet.
 40873 | Elf:1    | Reached XP level 16. HP: 98/120 MP: 11/30
 41080 | Elf:1    | Noticed a deep elf sorcerer
 41090 | Elf:1    | Killed a deep elf sorcerer
 41314 | Elf:1    | Got the Incunabulum of Battle Magic and Companions
 42354 | Elf:1    | Reached skill level 10 in Fighting
 44078 | Elf:2    | Found a huge runed translucent gate.
 44078 | Elf:2    | Found a huge runed translucent gate.
 44078 | Elf:2    | Found a huge runed translucent gate.
 44078 | Elf:2    | Found a huge runed translucent gate.
 44078 | Elf:2    | Found a huge runed translucent gate.
 44106 | Elf:2    | Found Ako Sy Qili's Antique Weapon Shoppe.
 44130 | Elf:2    | Found Baoriaxe's Magic Scroll Shoppe.
 44168 | Elf:2    | Bought a scroll of blinking for 150 gold pieces
 44168 | Elf:2    | Bought a scroll of summoning for 190 gold pieces
 44330 | Elf:2    | HP: 11/122 [+2 hand axe of venom (10)]
 44341 | Elf:2    | HP: 6/122 [+2 hand axe of venom (11)]
 45213 | Elf:2    | Learned a level 7 spell: Orb of Destruction
 45288 | Elf:2    | Reached XP level 17. HP: 129/129 MP: 14/32
 45587 | Elf:2    | Noticed a deep elf blademaster
 45810 | Elf:2    | Killed a deep elf blademaster
 45811 | Elf:2    | Reached skill level 10 in Dodging
 45919 | Elf:2    | Reached skill level 10 in Long Blades
 46400 | Swamp:1  | Entered Level 1 of the Swamp
 46620 | Swamp:1  | Offered knowledge of Starburst by Vehumet.
 46796 | Swamp:1  | Noticed Frances
 46808 | Swamp:1  | Killed Frances
 47626 | Swamp:1  | Identified the ring of Agnosticism {+Blink Fly Will+ rCorr
                  | Int+4}
 48724 | Swamp:2  | Reached skill level 1 in Evocations
 49729 | Swamp:2  | Reached XP level 18. HP: 138/138 MP: 14/33
 51166 | Swamp:3  | Offered knowledge of Irradiate by Vehumet.
 51659 | Swamp:3  | Noticed Louise
 51665 | Swamp:3  | Killed Louise
 52092 | Swamp:3  | Identified the +3 ring mail "Inelurch" {rC+++ rN++ Str-3
                  | Int-4}
 52482 | Spider:1 | Entered Level 1 of the Spider Nest
 53718 | Spider:2 | Offered knowledge of Yara's Violent Unravelling by Vehumet.
 56114 | Spider:3 | Noticed Aizul
 56119 | Spider:2 | Offered knowledge of Fireball by Vehumet.
 56370 | Spider:3 | Killed Aizul
 56370 | Spider:3 | HP: 14/140 [poisoned by Aizul (bolt of poison)]
 56371 | Spider:3 | Reached XP level 19. HP: 15/146 MP: 0/35
 56726 | Spider:3 | Identified the +1 quarterstaff of the Spectre {vamp, rC++}
 57592 | D:12     | Noticed Rupert
 57597 | D:12     | Killed Rupert
 57974 | D:13     | Reached skill level 5 in Evocations
 59109 | D:14     | Noticed Azrael
 59324 | D:14     | Killed Azrael
 59772 | D:14     | Found a gate to the Vaults.
 60314 | Swamp:4  | Entered Level 4 of the Swamp
 62120 | Swamp:4  | Got a decaying rune of Zot
 62788 | Spider:4 | Entered Level 4 of the Spider Nest
 63381 | Spider:4 | Reached XP level 20. HP: 155/155 MP: 13/36
 63653 | Spider:4 | Offered knowledge of Lehudib's Crystal Spear by Vehumet.
 63663 | Spider:4 | Learned a level 8 spell: Lehudib's Crystal Spear
 65683 | Spider:4 | HP: 12/155 [spark wasp/living lightning (17)]
 66242 | Spider:4 | Got a gossamer rune of Zot
 66617 | Vaults:1 | Entered Level 1 of the Vaults
 67847 | D:14     | Found a sacrificial altar of Ru.
 68165 | D:14     | Found a gate to the Vaults.
 68434 | Vaults:1 | Reached ****** piety under Vehumet
 68786 | Vaults:1 | Noticed Saint Roka
 68793 | Vaults:1 | Killed Saint Roka
 68985 | Vaults:1 | Reached XP level 21. HP: 162/162 MP: 20/38
 69540 | Vaults:1 | Found Jihazina's Jewellery Shop.
 70667 | Vaults:1 | Offered knowledge of Fire Storm by Vehumet.
 70667 | Vaults:1 | Offered knowledge of Chain Lightning by Vehumet.
 70667 | Vaults:1 | Offered knowledge of Ignition by Vehumet.
 71952 | Vaults:2 | Found a flickering gateway to a bazaar.
 71958 | Bazaar   | Entered a bazaar
 71987 | Bazaar   | Found Dahintod's General Store.
 71994 | Bazaar   | Found Qaybatuo's Weapon Emporium.
 71995 | Bazaar   | Bought a scroll of blinking for 82 gold pieces
 71998 | Bazaar   | Found Soom's Weapon Shoppe.
 72004 | Bazaar   | Found Ocsyah's General Store.
 72012 | Bazaar   | Bought the Unrestrained Analects for 616 gold pieces
 72033 | Bazaar   | Bought a scroll of enchant weapon for 82 gold pieces
 73671 | Vaults:2 | Identified the +0 pair of boots of a Million Wishes {rN+
                  | Regen+ Dex-2}
 74288 | Vaults:2 | Reached XP level 22. HP: 172/172 MP: 37/40
 74636 | Vaults:3 | Reached skill level 15 in Conjurations
 75579 | Vaults:3 | Noticed Xtahua
 75592 | Vaults:3 | Killed Xtahua
 75593 | Vaults:3 | Reached skill level 15 in Earth Magic
 75766 | Vaults:3 | Reached skill level 15 in Fire Magic
 77004 | Vaults:3 | Found a staircase to the Crypt.
 77683 | Vaults:4 | Found Viunagg's Distillery.
 77686 | Vaults:4 | Bought a potion of invisibility for 104 gold pieces
 77686 | Vaults:4 | Bought a potion of heal wounds for 65 gold pieces
 77686 | Vaults:4 | Bought a potion of ambrosia for 104 gold pieces
 77686 | Vaults:4 | Bought a potion of ambrosia for 104 gold pieces
 77686 | Vaults:4 | Bought a potion of ambrosia for 104 gold pieces
 77686 | Vaults:4 | Bought a potion of curing for 39 gold pieces
 78937 | Vaults:4 | Reached XP level 23. HP: 145/180 MP: 26/41
 79277 | Vaults:4 | Reached skill level 15 in Fighting
 79713 | Vaults:4 | Reached skill level 15 in Spellcasting
 80142 | Depths:1 | Entered Level 1 of the Depths
 80208 | Depths:1 | Found a magical portal.
 80211 | WizLab   | Entered Wucad Mu's Monastery
 81151 | Depths:1 | Found a gateway to Hell.
 81151 | Depths:1 | Identified the amulet of Roidumof {Faith Str+2}
 81234 | Depths:1 | Noticed a royal mummy
 81526 | Depths:1 | Found a stormy altar of Qazlal.
 81593 | Depths:1 | Found a gateway to a ziggurat.
 81720 | Depths:1 | Got the Reference Book on Flight and Execration
 81851 | Depths:1 | Found a one-way gate to the infinite horrors of the Abyss.
 82073 | Depths:1 | Killed a royal mummy
 82171 | Depths:1 | Noticed a royal mummy
 82180 | Depths:1 | Killed a royal mummy
 82184 | Depths:1 | Noticed a royal mummy
 82357 | Depths:1 | Killed a royal mummy
 82423 | Depths:1 | Found the +7 sceptre of Torment {pain, torment}
 82990 | D:15     | Learned a level 8 spell: Ignition
 83472 | Depths:2 | Identified the +2 helmet of Relativism {rN+ rCorr}
 83749 | Depths:2 | Noticed Nikola
 83752 | Depths:2 | Killed Nikola
 83753 | Depths:2 | Reached XP level 24. HP: 161/189 MP: 35/42
 84154 | Depths:2 | Found a one-way gate leading to the halls of Pandemonium.
 84737 | Depths:3 | HP: 17/191 [tentacled monstrosity (9)]
 84746 | Depths:2 | HP: 16/191 [acid (4)]
 84751 | Depths:2 | HP: 7/191 [ice dragon (7)]
 84751 | Depths:2 | HP: 2/191 [ice dragon (5)]
 84751 | Depths:2 | Mangled by a purple ugly thing

Illustrated notes

Levels and vault maps discovered:
D:1:      tarquinn_simple_flora_water_f, layout_rooms
D:2:      layout_loops_ring, uniq_crazy_yiuf_cottage, uniq_natasha
D:3:      layout_rooms, hellmonk_ecumenical_altar_pennies_from_heaven
D:4:      layout_loops_ring, kennysheep_mini_moat, uniq_duvessa
D:5:      layout_basic, mainiacjoe_overflow_cross_hatched,
          nemelex_spade_bored_becter
D:6:      layout_basic, minmay_temple_entry_fiery, uniq_maggie, uniq_menkaure
D:7:      minmay_cornered_nines, layout_rooms
D:8:      lemuel_ice_spiral_2, layout_rooms, mainiacjoe_overflow_big_doors,
          david_lair_shrubbed
D:9:      layout_rooms, serial_shops, shop, uniq_psyche
D:10:     gammafunk_corrupted_shrine, layout_basic
D:11:     layout_irregular_city, minmay_orc_entry_temple_small, serial_shops,
          nicolae_shop_waterfront, enter_trove_0
D:12:     layout_basic, uniq_rupert
D:13:     layout_gridville
D:14:     layout_basic, ximxim_vaults_locker_room, nicolae_ru_awakened_eye,
          uniq_azrael
D:15:     gammafunk_enter_depths_forms, layout_stronghold,
          kiku_gazebo_pond_becter, grunt_ministairs_3, minmay_hidden_floor
Temple:   minmay_crystal_spiral_temple
Lair:1:   layout_loops_ring, serial_bayou_pond_a, infiniplex_staircase_pool
Lair:2:   layout_loops_ring, nicolae_spider_entry_orb_guardian
Lair:3:   layout_roguey, nicolae_lair_grove_arrangements, uniq_prince_ribbit2
Lair:4:   layout_gridlike, minmay_swamp_entry_worms,
          grunt_forest_small_clearings
Lair:5:   layout_long_grid, serial_bayou_crossing
Lair:6:   minmay_lair_end_frog_pond, layout_regular_city, slime_altar_1,
          serial_rivers, chequers_serial_rivers_micro_a,
          chequers_serial_rivers_small_3, chequers_serial_rivers_small_b,
          chequers_serial_rivers_micro_b, minmay_lair_oklob_bushes
Swamp:1:  layout_basic_swamp, evilmike_swamp_ruin_house_3, uniq_frances
Swamp:2:  layout_basic_swamp, evilmike_swamp_ruin_rubble_2,
          infiniplex_staircase_pool_2
Swamp:3:  layout_basic_swamp, evilmike_swamp_ruin_house_1, uniq_louise
Swamp:4:  swamp_vile, layout_basic_swamp, swamp_pool2
Spider:1: layout_spider_delve
Spider:2: layout_spider_delve
Spider:3: layout_spider_delve, uniq_aizul
Spider:4: spider_rune_water
Orc:1:    layout_caves, nicolae_volcano_entry_batcave, serial_shops, shop,
          shop_coins, shop, nicolae_shop_statue_plus, basic_altar
Orc:2:    st_orc_rangers, layout_caves, uniq_erolcha
Elf:1:    layout_geoelf_grid, minmay_elf_sorcery, nicolae_elf_big_sculpture_1
Elf:2:    elven_hall_of_blades_hangedman_alternative [nicolae_blade_bullseye],
          layout_gridlike, minmay_shop_star, grunt_megastairs_2
Vaults:1: hangedman_vaults_stagger, nicolae_vaults_little_squares_6,
          vaults_room_door_hall, v_rooms_3, nicolae_vaults_alarming,
          hangedman_vaults_stitches, vaults_room_grid,
          vaults_room_grunt_arrival_ludios, nicolae_vaults_theta,
          layout_vaults_omnicross, portal_desolation_entry_salt, serial_shops,
          shop, uniq_saint_roka
Vaults:2: hangedman_vaults_impose, st_squares, hangedman_vaults_trim, v_misc_8,
          v_alt_pattern_3, nicolae_vaults_network_periphery,
          vaults_standard_mumra_lines, v_misc_3, v_misc_5, vaults_mumra_lcd,
          hangedman_vaults_stretched_pinwheel, grunt_vaults_funnel,
          ontoclasm_vaults_ligature, layout_vaults_ring, serial_shops,
          bzr_entry_safe
Vaults:3: minmay_crypt_entry_simple_round, nicolae_vaults_little_squares_3,
          nicolae_vaults_fighting_squares, hangedman_vaults_trim,
          hangedman_vaults_pinch, vaults_room_pools,
          nicolae_vaults_big_angled_halls, hangedman_vaults_impose,
          dpeg_vaults_monster_box, v_alt_pattern_1, vaults_room_pool,
          layout_vaults_omnigrid, uniq_xtahua
Vaults:4: vaults_standard_mumra_x, ontoclasm_vaults_tryst, v_misc_2,
          hangedman_vaults_nodes, v_misc_3, nicolae_vaults_circle_grid_a,
          nicolae_vaults_triangles, ontoclasm_vaults_spin,
          vaults_room_guarded_vault, grunt_vaults_focal,
          nicolae_vaults_ring_of_whatevers, layout_vaults_maze_bifur,
          serial_shops, nicolae_shop_behind_doors
Depths:1: minmay_guarded_unrand_sceptre_of_torment, layout_gridlike,
          enter_ziggurat_d, hangedman_abyss_entry_splay, hell_entry,
          minmay_misc_feat_enclosed, mu_enter_wizlab_7, grunt_qazlal_clouds
Depths:2: minmay_isolated_rectangles_in_corner, layout_twisted_cross,
          chequers_serial_rivers_micro_b, grunt_pan_entry_sceptre, hellmouth_3,
          corexii_hall_statues_t, infiniplex_staircase_zigzag_3, uniq_nikola
Depths:3: minmay_tearing_corner, layout_cave_pools, lightli_too_deep,
          rand_demon_pan_entry_3, lemuel_flamethrower_2

Skill      XL: |  1  2  3  4  5  6  7  8  9 10 11 12 13 14 15 16 17 18 19 20 21 22 23 |
---------------+----------------------------------------------------------------------+-----
Fighting       | 2 3 4 5 6 7 8 9 10 11 12 13 14 15 | 15.9
Spellcasting   | 2 3 4 5 6 7 8 9 10 11 12 13 14 15 | 15.7
Air Magic      | 1 |  1.1
Conjurations   | 1 2 4 5 6 7 8 9 10 11 12 13 14 15 16 | 16.5
Fire Magic     | 1 2 4 5 6 7 8 9 10 11 12 13 14 15 16 | 16.4
Earth Magic    | 2 3 5 6 7 8 9 10 11 12 13 14 15 16 | 16.5
Long Blades    | 1 3 4 6 7 8 9 10 11 12 | 12.9
Armour         | 1 3 4 5 |  5.0
Shields        | 1 3 4 |  4.0
Dodging        | 4 5 6 7 8 9 10 | 10.0
Evocations     | 2 4 5 |  5.0
Bows           | |  2.0
Hexes          | |  3.0

Action                   |  1- 3 |  4- 6 |  7- 9 | 10-12 | 13-15 | 16-18 | 19-21 | 22-24 || total
-------------------------+-------+-------+-------+-------+-------+-------+-------+-------++-------
Melee: Unarmed           |    11 |       |       |       |       |       |       |       ||    11
       Short sword       |    15 |   104 |       |       |       |       |       |       ||   119
       Long sword        |       |    11 |    86 |   148 |    28 |       |       |       ||   273
       Scimitar          |       |       |    89 |       |       |       |       |       ||    89
       Whip              |       |       |    27 |    10 |       |       |       |       ||    37
       Great sword       |       |       |       |       |     9 |    41 |    73 |    48 ||   171
 Fire: Shortbow          |    42 |    59 |    78 |   119 |       |       |       |       ||   298
Throw: Dart              |       |       |     9 |    10 |     3 |       |     1 |       ||    23
 Cast: Corona            |    10 |    26 |    19 |     6 |     1 |       |       |       ||    62
       Slow              |     4 |    26 |    19 |    17 |       |       |       |       ||    66
       Foxfire           |       |     6 |    74 |   189 |   188 |    19 |     2 |       ||   478
       Mephitic Cloud    |       |     1 |     8 |     9 |     8 |       |       |       ||    26
       Conjure Flame     |       |       |    18 |    50 |     5 |       |       |       ||    73
       Iskenderun's Batt |       |       |       |    35 |   119 |     6 |     1 |       ||   161
       Stone Arrow       |       |       |       |    18 |   269 |   118 |   117 |    25 ||   547
       Sticky Flame      |       |       |       |       |    17 |    10 |    15 |    11 ||    53
       Bolt of Magma     |       |       |       |       |    47 |    69 |   122 |    97 ||   335
       Iron Shot         |       |       |       |       |    54 |   210 |   322 |   207 ||   793
       Passwall          |       |       |       |       |     2 |       |       |     1 ||     3
       Orb of Destructio |       |       |       |       |       |   107 |    28 |    39 ||   174
       Lehudib's Crystal |       |       |       |       |       |       |     2 |    45 ||    47
       Ignition          |       |       |       |       |       |       |       |     6 ||     6
Invok: Recite            |       |     3 |    14 |       |       |       |       |       ||    17
       Vitalisation      |       |     2 |     1 |       |       |       |       |       ||     3
 Abil: Evoke Blink       |       |       |       |       |       |     1 |     4 |       ||     5
Evoke: Wand              |       |       |       |       |       |     7 |     7 |     5 ||    19
  Use: Scroll            |       |     6 |    10 |    12 |     8 |     8 |     9 |     9 ||    62
       Potion            |       |       |     4 |     4 |     2 |    15 |    12 |     6 ||    43
 Stab: Sleeping          |       |     2 |       |       |       |       |       |       ||     2
       Confused          |       |     2 |     6 |     2 |       |       |       |       ||    10
       Paralysed         |       |       |       |       |       |     2 |     2 |       ||     4
Armor: Robe              |    11 |    13 |    50 |       |       |       |    98 |    63 ||   235
       Leather armour    |       |    33 |       |       |       |       |       |       ||    33
       Ring mail         |       |     1 |       |       |       |       |       |       ||     1
       Steam dragon scal |       |       |    46 |    86 |    96 |   119 |    11 |       ||   358
       Skin              |       |       |    27 |    29 |     1 |       |       |       ||    57
Dodge: Dodged            |    23 |    87 |   170 |   145 |   256 |   236 |   201 |    89 ||  1207
Block: Buckler           |       |       |       |    12 |    58 |       |       |       ||    70
       Other             |       |       |       |       |       |       |    15 |    31 ||    46
       Reflection        |       |       |       |       |       |       |       |     4 ||     4
       Rpst.: Long sword |       |     1 |    19 |    26 |    44 |       |       |       ||    90
       Scimitar          |       |       |    22 |       |       |       |       |       ||    22
       Great sword       |       |       |       |       |    12 |    39 |    36 |    15 ||   102

Table legend: (Time is in decaauts)
 A = Elapsed time spent in this place.
 B = Non-inter-level travel time spent in this place.
 C = Inter-level travel time spent in this place.
 D = Time resting spent in this place.
 E = Time spent auto-exploring this place.
 F = Levels seen in this place.
 G = Mean time per level.
                   A        B        C        D        E       F      G
               +--------+--------+--------+--------+--------+-----+--------+
         Total |  85120 |  78544 |   6576 |  34883 |  26980 |  44 | 1934.5 |
       Dungeon |  26908 |  23580 |   3328 |   9593 |   7871 |  15 | 1793.9 |
        Temple |    248 |    165 |     83 |      0 |    163 |   1 |  248.0 |
          Lair |  15383 |  13842 |   1541 |   5581 |   4493 |   6 | 2563.8 |
         Swamp |   8401 |   8132 |    269 |   4069 |   3132 |   4 | 2100.2 |
   Spider Nest |   8462 |   8049 |    413 |   4352 |   2763 |   4 | 2115.5 |
  Orcish Mines |   2854 |   2711 |    143 |   1406 |    807 |   2 | 1427.0 |
   Elven Halls |   5643 |   5425 |    218 |   3099 |   1082 |   2 | 2821.5 |
        Vaults |  11842 |  11432 |    410 |   4861 |   4820 |   4 | 2960.5 |
        Depths |   4517 |   4349 |    168 |   1710 |   1787 |   3 | 1505.7 |
        Bazaar |     90 |     90 |      0 |      0 |     53 |   1 |   90.0 |
       Volcano |    690 |    690 |      0 |    191 |      8 |   1 |  690.0 |
        Wizlab |     75 |     75 |      0 |     18 |      0 |   1 |   75.0 |
               +--------+--------+--------+--------+--------+-----+--------+

Top non-repeatable levels by time:
  Lair:5: 4034 daAuts
Vaults:1: 3517 daAuts
   Elf:2: 3142 daAuts
Vaults:2: 2956 daAuts
  Lair:1: 2939 daAuts
Depths:1: 2798 daAuts
Vaults:3: 2693 daAuts
Vaults:4: 2676 daAuts
Spider:1: 2628 daAuts
     D:5: 2626 daAuts
Spider:4: 2560 daAuts
 Swamp:1: 2532 daAuts
     D:2: 2509 daAuts
   Elf:1: 2501 daAuts
    D:14: 2493 daAuts
